 Dungeon Crawl Stone Soup version 0.29.1-15-g9cfb28693d (webtiles) character file.

Game seed: 3899923467419707603

17378 Renzlar the Blocker (level 12, 97/97 HPs)
             Began as a Gnoll Fighter on Feb 25, 2023.
             Was a High Priest of Okawaru.
             Quit the game on level 11 of the Dungeon.
             The game lasted 00:51:26 (15191 turns).

Renzlar the Blocker (Gnoll Fighter)                Turns: 15191, Time: 00:51:27

Health: 97/97      AC: 20    Str: 19    XL:     12   Next: 47%
Magic:  23/23      EV: 16    Int:  9    God:    Okawaru [*****.]
Gold:   1389       SH:  7    Dex: 21    Spells: 24/26 levels left

rFire   + . .      SeeInvis .   b - +2 scimitar (flame)
rCold   x . .      Faith    .   i - +0 buckler
rNeg    . . .      Spirit   .   G - +5 ring mail "Fegow" {Dex+6}
rPois   +          Reflect  .   o - +0 helmet
rElec   .          Harm     .   Q - +1 cloak
rCorr   .          Rampage  .   L - +1 pair of gloves {Dex+3}
Will    .....                   J - +0 pair of boots
Stlth   +++.......              (no amulet)
HPRegen 0.26/turn               B - ring of fire
MPRegen 0.18/turn               H - ring of poison resistance

@: no status effects
A: fangs 1, strong nose, distributed training
a: Renounce Religion, Heroism, Finesse, Duel


You were on level 11 of the Dungeon.
You worshipped Okawaru.
Okawaru was extremely pleased with you.
You visited 1 branch of the dungeon, and saw 11 of its levels.

You collected 1389 gold pieces.

Inventory:

Hand Weapons
 a - a +1 broad axe of freezing
 b - a +2 scimitar of flaming (weapon)
 c - a +0 sling
 d - a +0 demon whip of venom
 C - a +2 dagger of electrocution
Missiles
 j - 6 curare-tipped darts (quivered)
 n - 8 throwing nets
 p - 14 poisoned darts
Armour
 i - a +0 buckler (worn)
 o - a +0 helmet (worn)
 G - the +5 ring mail "Fegow" (worn) {Dex+6}
   (You found it on level 8 of the Dungeon)

   Dex:       It affects your dexterity (+6).
 J - a +0 pair of boots (worn)
 L - a +1 pair of gloves of dexterity (worn)
 Q - a +1 cloak (worn)
Jewellery
 y - a ring of willpower
 B - a ring of fire (left hand)
 D - a ring of positive energy
 H - a ring of poison resistance (right hand)
 O - a +4 ring of protection
Wands
 q - a wand of iceblast (18)
 v - a wand of mindburst (9)
 E - a wand of flame (20)
Scrolls
 h - 3 scrolls of teleportation
 l - a scroll of amnesia
 m - 2 scrolls of enchant armour
 F - 2 scrolls of magic mapping
 I - a scroll of silence
 M - 2 scrolls of blinking
Potions
 e - 4 potions of haste
 f - 5 potions of curing
 g - a potion of heal wounds
 r - a potion of ambrosia {unknown}
 s - a potion of berserk rage {unknown}
 t - a potion of lignification {unknown}
 u - 2 potions of cancellation
 w - a potion of resistance
 x - a potion of invisibility
 z - a potion of flight
 A - 4 potions of magic
 K - a potion of mutation
 N - 2 potions of might
 P - a potion of brilliance {unknown}


   Skills:
 + Level 10.1 Fighting
 + Level 7.6 Short Blades
 + Level 7.6 Long Blades
 + Level 9.0 Axes
 + Level 7.6 Maces & Flails
 + Level 7.6 Polearms
 + Level 7.6 Staves
 + Level 7.6 Ranged Weapons
 + Level 7.6 Throwing
 + Level 10.1 Armour
 + Level 7.6 Dodging
 + Level 7.6 Stealth
 + Level 10.1 Shields
 + Level 7.6 Unarmed Combat
 + Level 7.6 Spellcasting
 + Level 6.3 Conjurations
 + Level 6.3 Hexes
 + Level 6.3 Summonings
 + Level 6.3 Necromancy
 + Level 6.3 Translocations
 + Level 6.3 Transmutations
 + Level 6.3 Fire Magic
 + Level 6.3 Ice Magic
 + Level 6.3 Air Magic
 + Level 6.3 Earth Magic
 + Level 6.3 Poison Magic
 + Level 8.3 Invocations
 + Level 7.6 Evocations


You had 24 spell levels left.
You knew the following spells:

 Your Spells              Type           Power      Damage    Failure   Level
a - Static Discharge      Conj/Air       14%        3-5/arc   4%          2

Your spell library contained the following spells:

 Spells                   Type           Power      Damage    Failure   Level
 Apportation              Tloc           28%        N/A       2%          1
 Dazzling Flash           Conj/Hex       28%        N/A       9%          3
 Hailstorm                Conj/Ice       14%        3d5       26%         4
 Ice Form                 Ice/Tmut       14%        N/A       26%         4
 Iskenderun's Mystic Bla  Conj/Tloc      14%        2d5       26%         4
 Alistair's Intoxication  Tmut/Pois      9%         N/A       58%         5
 Iskenderun's Battlesphe  Conj           14%        2d7       58%         5
 Lightning Bolt           Conj/Air       7%         1d19      58%         5
 Iron Shot                Conj/Erth      7%         9d2       99%         6
 Starburst                Conj/Fire      11%        6d5       99%         6
 Maxwell's Capacitive Co  Air            7%         ∞         100%        8
 Simulacrum               Ice/Necr       Unusable   N/A       N/A         6
 Spellforged Servitor     Conj/Summ      Unusable   N/A       N/A         7

Dungeon Overview and Level Annotations

Branches:
Dungeon (11/15)            Temple (0/1) D:7            Lair (0/5) D:11
    Orc (0/2) D:9

Altars:
Cheibriados
Elyvilon
Okawaru
Qazlal
Ru
Vehumet
Wu Jian
Yredelemnul

Shops:
D:5 *   D:6 (   D:11 (

Annotations:
D:11 exclusion: 2 oklob plants


Innate Abilities, Weirdness & Mutations

You have very sharp teeth.
Your uncanny sense of smell can sniff out nearby items.
Your experience applies equally to all skills.


Message History

Your +2 scimitar of flaming stops flaming.
c - a +0 sling (weapon)
Found an executioner's axe.
You see here a +0 sling.
Things that are here:
a +0 club; a +0 leather armour; an orc corpse
There is an open door here.
There is an open door here.
Items here: )) [ †.
You open the door.
Found a sling.
There is an open door here.
There is an open door here.
Things that are here:
a +0 dagger; a +0 robe; an orc corpse
There is an open door here.
There is an open door here.
You open the door.
There is an open door here.
Found a staircase to the Lair.
Really walk into a travel-excluded area?
Okay, then.
Unknown command.
Your +2 scimitar of flaming bursts into flame!
b - a +2 scimitar of flaming (weapon)
Really walk into a travel-excluded area? [Y]es or [N]o only, please.
Really walk into a travel-excluded area?
The oklob plant spits acid at you. The splash of acid hits you!
The acid corrodes you! The oklob plant spits acid at you.
The splash of acid hits you!!
You start resting.
You are no longer corroded.
You start resting.
HP restored.
Okay, then.
Okay, then.
Unknown command.
Are you sure you want to abandon this character and quit the game? (Confirm with "yes".)

.......#...........)<(..........#
###....#........................#
..#....#........................#
..#....#.........................
..#....#.........................
..#....#.......................##
'##....#.......................#.
..#....#......................##.
..#....#........@...........).#..
..#....#............!.........#..
..#....#......................#..
..#....#........!.............#..
..#....#........#######.........#
..#....#....$..#...≈...#........#
..#....#.........#...#..........#
..#....#........##..P##.........#
..#....#......#..P.PPP..#........


There were no monsters in sight!

Vanquished Creatures
  Josephine (D:11)
  2 hydras (D:11)
  Harold (D:10)
  A boulder beetle (D:8)
  3 two-headed ogres
  Urug (D:10)
  Amaemon (D:10)
  Lodul (D:10)
  An ugly thing (D:11)
  2 manticores
  2 cyclopes (D:11)
  An orange demon (D:10)
  An unseen horror (D:11)
  A gargoyle (D:11)
  An efreet (D:11)
  2 trolls
  2 hornets
  A centaur simulacrum (D:11)
  5 wraiths (D:11)
  2 wyverns
  A shadow (D:10)
  Eustachio (D:4)
  8 yaks
  A steam dragon (D:10)
  An acid dragon (D:6)
  2 water moccasins
  An ice beast (D:8)
  2 sky beasts
  2 orc warriors
  12 ogres
  6 centaurs
  A phantom (D:5)
  2 kobold brigands (D:8)
  3 bullfrogs
  2 scorpions
  A gnoll sergeant (D:5)
  3 necrophages
  7 wights
  2 howler monkeys
  4 hounds
  A gnoll bouda (D:9)
  4 orc priests
  2 iguanas
  11 orc wizards
  12 gnolls
  11 adders
  3 shadow imps
  A white imp (D:6)
  An ufetubus (D:5)
  A worm (D:4)
  4 dart slugs
  22 orcs
  10 ball pythons
  7 bats
  8 endoplasms
  5 giant cockroaches
  5 goblins
  7 hobgoblins
  3 jackals (D:5)
  2 quokkas
  4 frilled lizards
  15 kobolds
  7 rats
240 creatures vanquished.

Vanquished Creatures (others)
  2 plants (D:11)
2 creatures vanquished.

Grand Total: 242 creatures vanquished

Notes
Turn   | Place    | Note
-------+----------+-------------------------------------------
     0 | D:1      | Renzlar the Gnoll Fighter began the quest for the Orb.
     0 | D:1      | Reached XP level 1. HP: 23/23 MP: 1/1
   174 | D:1      | Reached XP level 2. HP: 29/29 MP: 2/2
   257 | D:1      | Reached XP level 3. HP: 35/35 MP: 3/3
   425 | D:1      | Reached skill level 1 in Invocations
   939 | D:2      | Reached skill level 1 in Short Blades
   939 | D:2      | Reached skill level 1 in Long Blades
   939 | D:2      | Reached skill level 1 in Maces & Flails
   939 | D:2      | Reached skill level 1 in Polearms
   939 | D:2      | Reached skill level 1 in Staves
   939 | D:2      | Reached skill level 1 in Ranged Weapons
   939 | D:2      | Reached skill level 1 in Throwing
   939 | D:2      | Reached skill level 1 in Dodging
   939 | D:2      | Reached skill level 1 in Stealth
   939 | D:2      | Reached skill level 1 in Unarmed Combat
   939 | D:2      | Reached skill level 1 in Spellcasting
   939 | D:2      | Reached skill level 1 in Evocations
   957 | D:2      | Found a faded altar of an unknown god.
   998 | D:2      | Reached XP level 4. HP: 23/41 MP: 5/5
  1297 | D:2      | Reached skill level 1 in Conjurations
  1297 | D:2      | Reached skill level 1 in Hexes
  1297 | D:2      | Reached skill level 1 in Summonings
  1297 | D:2      | Reached skill level 1 in Necromancy
  1297 | D:2      | Reached skill level 1 in Translocations
  1297 | D:2      | Reached skill level 1 in Transmutations
  1297 | D:2      | Reached skill level 1 in Fire Magic
  1297 | D:2      | Reached skill level 1 in Ice Magic
  1297 | D:2      | Reached skill level 1 in Air Magic
  1297 | D:2      | Reached skill level 1 in Earth Magic
  1297 | D:2      | Reached skill level 1 in Poison Magic
  2090 | D:3      | Reached XP level 5. HP: 45/47 MP: 7/7
  2108 | D:3      | Found an iron altar of Okawaru.
  2108 | D:3      | Found a sacrificial altar of Ru.
  2110 | D:3      | Found a basalt altar of Yredelemnul.
  2112 | D:3      | Found a radiant altar of Vehumet.
  2112 | D:3      | Found a white marble altar of Elyvilon.
  2113 | D:3      | Found a snail-covered altar of Cheibriados.
  2115 | D:3      | Became a worshipper of Warmaster Okawaru
  3029 | D:4      | Reached XP level 6. HP: 50/53 MP: 8/8
  3085 | D:4      | Reached skill level 5 in Axes
  3359 | D:4      | Noticed Eustachio
  3380 | D:4      | Killed Eustachio
  3380 | D:4      | Reached * piety under Okawaru
  3507 | D:4      | Reached XP level 7. HP: 59/59 MP: 10/10
  4169 | D:5      | Entered Level 5 of the Dungeon
  4474 | D:5      | Found Wedecunk's CLEARANCE SALE!.
  4888 | D:5      | Reached ** piety under Okawaru
  4889 | D:5      | Reached XP level 8. HP: 67/67 MP: 12/12
  6602 | D:6      | Found Effaocic's Antique Weapon Boutique.
  6929 | D:7      | Reached XP level 9. HP: 70/73 MP: 14/14
  7059 | D:7      | Reached *** piety under Okawaru
  7367 | D:7      | Found a staircase to the Ecumenical Temple.
  7969 | D:7      | Reached skill level 5 in Invocations
  8102 | D:8      | Noticed a boulder beetle
  8116 | D:8      | Killed a boulder beetle
  8116 | D:8      | Received a gift from Okawaru
  8165 | D:8      | Reached **** piety under Okawaru
  8584 | D:8      | Reached skill level 5 in Short Blades
  8584 | D:8      | Reached skill level 5 in Long Blades
  8584 | D:8      | Reached skill level 5 in Maces & Flails
  8584 | D:8      | Reached skill level 5 in Polearms
  8584 | D:8      | Reached skill level 5 in Staves
  8584 | D:8      | Reached skill level 5 in Ranged Weapons
  8584 | D:8      | Reached skill level 5 in Throwing
  8584 | D:8      | Reached skill level 5 in Dodging
  8584 | D:8      | Reached skill level 5 in Stealth
  8584 | D:8      | Reached skill level 5 in Unarmed Combat
  8584 | D:8      | Reached skill level 5 in Spellcasting
  8584 | D:8      | Reached skill level 5 in Evocations
  8584 | D:8      | Reached XP level 10. HP: 81/81 MP: 17/17
  8928 | D:8      | Identified the +5 ring mail "Fegow" {Dex+6}
  8991 | D:8      | Noticed a two-headed ogre
  9002 | D:8      | Killed a two-headed ogre
  9002 | D:8      | Received a gift from Okawaru
  9177 | D:8      | Found an ornate altar of the Wu Jian Council.
  9706 | D:9      | Learned a level 2 spell: Static Discharge
 10133 | D:9      | Found a staircase to the Orcish Mines.
 10355 | D:9      | Received a gift from Okawaru
 10714 | D:10     | Entered Level 10 of the Dungeon
 10915 | D:10     | Found a stormy altar of Qazlal.
 10984 | D:10     | Noticed Lodul
 11001 | D:10     | Killed Lodul
 11001 | D:10     | Reached ***** piety under Okawaru
 11007 | D:10     | Received a gift from Okawaru
 11017 | D:10     | Reached skill level 5 in Conjurations
 11017 | D:10     | Reached skill level 5 in Hexes
 11017 | D:10     | Reached skill level 5 in Summonings
 11017 | D:10     | Reached skill level 5 in Necromancy
 11017 | D:10     | Reached skill level 5 in Translocations
 11017 | D:10     | Reached skill level 5 in Transmutations
 11017 | D:10     | Reached skill level 5 in Fire Magic
 11017 | D:10     | Reached skill level 5 in Ice Magic
 11017 | D:10     | Reached skill level 5 in Air Magic
 11017 | D:10     | Reached skill level 5 in Earth Magic
 11017 | D:10     | Reached skill level 5 in Poison Magic
 11025 | D:10     | Reached XP level 11. HP: 51/89 MP: 18/20
 11332 | D:10     | Noticed Urug
 11348 | D:10     | Killed Urug
 11542 | D:10     | Noticed Harold
 11576 | D:10     | Killed Harold
 11835 | D:10     | Noticed a two-headed ogre
 11843 | D:10     | Killed a two-headed ogre
 11843 | D:10     | Received a gift from Okawaru
 12065 | D:10     | Noticed Amaemon
 12079 | D:10     | Killed Amaemon
 12327 | D:11     | Noticed a manticore
 12339 | D:10     | Killed a manticore
 12656 | D:11     | Noticed a five-headed hydra
 12675 | D:11     | Killed a five-headed hydra
 12866 | D:11     | Found Houkoadde's Antique Weapon Shoppe.
 12874 | D:11     | Noticed a manticore
 12894 | D:11     | Killed a manticore
 12947 | D:11     | Noticed a five-headed hydra
 12948 | D:11     | Noticed a two-headed ogre
 12968 | D:11     | Killed a two-headed ogre
 12975 | D:11     | Killed a five-headed hydra
 12976 | D:11     | Reached XP level 12. HP: 44/97 MP: 22/22
 13727 | D:11     | Received a gift from Okawaru
 13799 | D:11     | Noticed Josephine
 13845 | D:11     | Killed Josephine
 13846 | D:11     | Reached skill level 10 in Fighting
 13846 | D:11     | Reached skill level 10 in Armour
 13846 | D:11     | Reached skill level 10 in Shields
 14984 | D:11     | Found a staircase to the Lair.
 15191 | D:11     | Quit the game

Illustrated notes

Levels and vault maps discovered:
D:1:      dpeg_arrival_rooms_c, layout_rooms, minmay_misc_feat_tower,
          chequers_serial_rivers_marsh, minmay_pentomino_z4
D:2:      layout_loops_corners, shapermc_ecumenical_altar_gd,
          serial_park_tiny_1, minmay_circle_x
D:3:      layout_basic, grunt_temple_overflow_open, st_stairs_8
D:4:      layout_loops_corners, minmay_misc_feat_nine_boxes,
          corexii_leaking_fountain, uniq_eustachio
D:5:      layout_basic, nicolae_shop_clearance
D:6:      layout_rooms, serial_shops, shop_fountains, serial_rivers,
          chequers_serial_rivers_large_b, chequers_serial_rivers_room_b,
          chequers_serial_rivers_room_a, chequers_serial_rivers_micro_a,
          chequers_serial_rivers_micro_b, chequers_serial_rivers_micro_b,
          eino_tiny_chamber, minmay_misc_feat_plants
D:7:      layout_basic, temple_doors_e
D:8:      layout_basic, pdpol_wu_jian_five_deadly_venoms, enter_ossuary_1
D:9:      layout_loops_ring, orc_david_3
D:10:     layout_roguey, overflow_temple_1_default, uniq_amaemon, uniq_lodul,
          uniq_urug, uniq_harold
D:11:     layout_grid_maze, dpeg_oklobed_lair, nicolae_take_the_stairs,
          minmay_radiant, uniq_josephine

Skill      XL: |  1  2  3  4  5  6  7  8  9 10 11 12 |
---------------+-------------------------------------+-----
Invocations    | 1 2 3 4 5 6 7 8 |  8.3
Short Blades   | 1 2 3 5 6 7 |  7.6
Long Blades    | 1 2 3 5 6 7 |  7.6
Maces & Flails | 1 2 3 5 6 7 |  7.6
Polearms       | 1 2 3 5 6 7 |  7.6
Staves         | 1 2 3 5 6 7 |  7.6
Ranged Weapons | 1 2 3 5 6 7 |  7.6
Throwing       | 1 2 3 5 6 7 |  7.6
Dodging        | 1 2 3 5 6 7 |  7.6
Stealth        | 1 2 3 5 6 7 |  7.6
Unarmed Combat | 1 2 3 5 6 7 |  7.6
Spellcasting   | 1 2 3 5 6 7 |  7.6
Evocations     | 1 2 3 5 6 7 |  7.6
Conjurations   | 1 2 3 4 5 6 |  6.3
Hexes          | 1 2 3 4 5 6 |  6.3
Summonings     | 1 2 3 4 5 6 |  6.3
Necromancy     | 1 2 3 4 5 6 |  6.3
Translocations | 1 2 3 4 5 6 |  6.3
Transmutations | 1 2 3 4 5 6 |  6.3
Fire Magic     | 1 2 3 4 5 6 |  6.3
Ice Magic      | 1 2 3 4 5 6 |  6.3
Air Magic      | 1 2 3 4 5 6 |  6.3
Earth Magic    | 1 2 3 4 5 6 |  6.3
Poison Magic   | 1 2 3 4 5 6 |  6.3
Axes           | 5 6 7 8 9 |  9.0
Fighting       | 7 8 9 10 | 10.1
Armour         | 7 8 9 10 | 10.1
Shields        | 7 8 9 10 | 10.1

Action                   |  1- 3 |  4- 6 |  7- 9 | 10-12 || total
-------------------------+-------+-------+-------+-------++-------
Melee: War axe           |    63 |   111 |   233 |   219 ||   626
       Bite              |     9 |     9 |    43 |    65 ||   126
       Whip              |       |       |    20 |       ||    20
       Morningstar       |       |       |    45 |    25 ||    70
       Dagger            |       |       |    10 |     2 ||    12
       Demon whip        |       |       |       |    72 ||    72
       Scimitar          |       |       |       |   105 ||   105
 Fire: Sling             |    29 |    73 |    72 |    84 ||   258
Throw: Dart              |       |     3 |     2 |     9 ||    14
       Throwing net      |       |       |     3 |       ||     3
 Cast: Static Discharge  |       |       |       |     2 ||     2
Invok: Heroism           |       |       |     2 |     8 ||    10
Evoke: Wand              |       |       |       |     5 ||     5
  Use: Scroll            |     5 |     4 |    13 |     5 ||    27
       Potion            |       |       |       |     3 ||     3
 Stab: Held in net/web   |       |       |     3 |       ||     3
       Distracted        |       |       |     2 |       ||     2
       Sleeping          |       |       |       |     2 ||     2
Armor: Scale mail        |    36 |    75 |   188 |     9 ||   308
       Ring mail         |       |       |       |   203 ||   203
Dodge: Dodged            |    40 |    82 |   162 |   286 ||   570
Block: Buckler           |    25 |    42 |    87 |   144 ||   298
